 Dungeon Crawl Stone Soup version 0.19-a0-36-g4a0968a (webtiles) character file.

134 M4edhros the Poker (level 5, 0/31 (32) HPs)
             Began as a Kobold Chaos Knight on May 4, 2016.
             Slain by a wasp (4 damage)
             ... on level 4 of the Dungeon.
             The game lasted 00:04:54 (11791 turns).

M4edhros the Poker (Kobold Chaos Knight)           Turns: 11791, Time: 00:04:55

HP:   0/31 (32)     AC:  6    Str:  8    XL:     5   Next: 40%
MP:   5/5           EV: 14    Int: 12    God:    Xom [*.....]
Gold: 157           SH:  0    Dex: 22    Spells: 0 memorised, 4 levels left

rFire  + + +     SeeInvis .     a - +0 spear (chaos)
rCold  . . .     Gourm    .     r - +1 fire dragon armour
rNeg   . . .     Faith    .     (shield restricted)
rPois  +         Spirit   .     (helmet restricted)
rElec  +         Dismiss  .     m - +0 cloak
rCorr  +         Reflect  .     (no gloves)
SustAt .         Harm     .     (no boots)
MR     +....     Clarity  +     (no amulet)
Stlth  +.........               (no ring)
                                p - ring of protection from magic (curse)

@: agile, resistant, drained, somewhat resistant to hostile enchantments, very
unstealthy
A: horns 1, carnivore 3, clarity, clever 1, deformed body, screaming 1, weak 1
a: Renounce Religion


You were on level 4 of the Dungeon.
You worshipped Xom.
You were a special plaything of Xom.
You were completely stuffed.

You visited 1 branch of the dungeon, and saw 4 of its levels.

You collected 157 gold pieces.

Inventory:

Hand Weapons
 a - a +0 spear of chaos (weapon)
Armour
 b - a +2 leather armour
 m - a +0 cloak (worn)
 r - a +1 fire dragon armour (worn)
Jewellery
 p - a cursed ring of protection from magic (left hand)
Scrolls
 e - 3 scrolls of remove curse {unknown}
 f - 2 scrolls of immolation {unknown}
 g - 3 scrolls of identify {unknown}
 h - a scroll of magic mapping {unknown}
Potions
 d - a potion of curing {unknown}
 o - a potion of heal wounds {unknown}
 q - 2 potions of flight {unknown}
Books
 n - a book of Callings

   Spells                             Type                      Level
   a - Summon Small Mammal            Summoning                    1
   b - Call Imp                       Summoning                    2
   c - Call Canine Familiar           Summoning                    3
   d - Summon Guardian Golem          Hexes/Summoning              3
   e - Summon Lightning Spire         Summoning/Air                4
   f - Summon Ice Beast               Ice/Summoning                4
Comestibles
 c - 4 meat rations
 i - 2 chunks of flesh
 j - a slice of pizza


   Skills:
 - Level 3.2(2.7) Fighting
 + Level 4.7(4.1) Polearms
 - Level 0.7(0.2) Armour
 - Level 2.4(1.9) Dodging


You had 4 spell levels left.
You didn't know any spells.

Dungeon Overview and Level Annotations

Branches:
Dungeon (4/15)
 Temple: D:4-7

Altars:
Nemelex Xobeh
Xom


Innate Abilities, Weirdness & Mutations

You are small and have problems with some larger weapons.
You are carnivorous and can eat meat at any time.
You have a pair of small horns on your head.
You possess an exceptional clarity of mind.
Your mind is acute. (Int +2)
Armour fits poorly on your strangely shaped body.
You occasionally shout uncontrollably at your foes.
You are weak. (Str -2)


Message History

A door slams shut!
Found a flail. "Hum-dee-hum-dee-hum..."
The ogre evaporates and reforms as a wasp!
Drink which item? (? for menu, Esc to quit)
It was a potion of agility.
You feel agile all of a sudden. The wasp barely misses you.
You hit the wasp. You burn the wasp.
You headbutt the wasp, but do no damage.
The wasp is moderately wounded.
The wasp barely misses you. The wasp stings you.
* * * LOW HITPOINT WARNING * * *
Drink which item? (? for menu, Esc to quit)
It was a potion of resistance.
You feel protected.
Xom thinks this is hilarious!
The wasp stings you.
You die...
Xom titters!

##### #.....# ... . ....#
....# .. .# ....# ###...#
....# ....# #.#...# .#..#
....# #.....# ...
....#######+#..######.####.#
...........................#
..............)######.######
...............y@...).#
.###............####..# .#
##†#########.# .# .# #.#
#..# .# .# #.# ...# .#
#####.# ##.# .# ......# ..
####### #.


You could see a wasp.

Vanquished Creatures
  A jelly (D:3)
  2 adders
  An ooze (D:1)
  3 dart slugs
  3 giant geckos (D:1)
  7 orcs
  A giant cockroach (D:1)
  3 goblins
  3 hobgoblins
  4 jackals
  4 quokkas
  4 ball pythons
  10 bats
  5 giant newts
  6 kobolds
  A quokka skeleton (D:4)
  12 rats
70 creatures vanquished.

Notes
Turn   | Place    | Note
--------------------------------------------------------------
     0 | D:1      | M4edhros the Kobold Chaos Knight began the quest for the Orb.
     0 | D:1      | Reached XP level 1. HP: 14/14 MP: 1/1
   234 | D:1      | Reached XP level 2. HP: 16/19 MP: 2/2
   329 | D:1      | Reached skill level 3 in Polearms
   666 | D:1      | XOM: god gift: 27 gold pieces
   935 | D:1      | XOM: 6-stop teleportation journey
   955 | D:1      | Reached XP level 3. HP: 20/23 MP: 3/3
  1388 | D:1      | XOM: scenery: 1 doors close
  1513 | D:1      | XOM: cast spell 'Ice Form'
  1639 | D:1      | XOM: 6-stop teleportation journey
  1728 | D:1      | XOM: summons 5 hostile shadow creatures
  1808 | D:1      | XOM: stat loss: -1 Str (9/10)
  2267 | D:1      | XOM: stat loss: -1 Str (8/10)
  2330 | D:1      | XOM: draining
  2928 | D:1      | XOM: summons 5 hostile shadow creatures
  2930 | D:2      | XOM: noise
  3227 | D:1      | XOM: harmless Ice miscast
  3321 | D:1      | XOM: silly message
  3520 | D:1      | XOM: harmless Fire miscast
  3550 | D:1      | XOM: scenery: 2 doors open
  4100 | D:1      | XOM: harmless Divn miscast
  4914 | D:1      | XOM: give mutations
  4914 | D:1      | Gained mutation: You are weak. (Str -2) [Xom's mischief]
  4914 | D:1      | Gained mutation: Armour fits poorly on your strangely shaped body. [Xom's mischief]
  4914 | D:1      | Gained mutation: You occasionally shout uncontrollably at your foes. [Xom's mischief]
  5008 | D:1      | XOM is BORED!
  5383 | D:1      | XOM: give mutation
  5383 | D:1      | Gained mutation: You possess an exceptional clarity of mind. [Xom's grace]
  5387 | D:1      | XOM: scenery: 1 doors close
  5425 | D:1      | XOM: scenery: 2 doors open
  6630 | D:1      | XOM: scenery: 1 doors close
  6759 | D:1      | XOM is BORED!
  6759 | D:1      | XOM: mild Necr miscast
  7489 | D:1      | XOM: divination: detect items
  7617 | D:1      | XOM: divination: detect creatures
  8100 | D:1      | Reached XP level 4. HP: 27/27 MP: 4/4
  8338 | D:1      | XOM: divination: detect items
  8905 | D:1      | XOM: vitrification
  8996 | D:1      | XOM: 4-stop teleportation journey
  9720 | D:1      | XOM: scenery: create altars
  9864 | D:1      | Noticed a centaur warrior
  9864 | D:1      | XOM: smoke on damage
  9868 | D:1      | XOM: smoke on damage
 10223 | D:2      | XOM: god gift: paperback book {god gift}
 10867 | D:2      | Reached skill level 4 in Polearms
 10932 | D:2      | Found a shimmering altar of Xom.
 10951 | D:2      | XOM: snakes to sticks
 10980 | D:3      | XOM: harmless Divn miscast
 11016 | D:3      | Reached XP level 5. HP: 2/31 MP: 5/5
 11183 | D:3      | XOM: colour smoke trail
 11225 | D:3      | XOM: smoke on damage
 11274 | D:3      | XOM: harmless Air miscast
 11503 | D:3      | XOM: give mutations
 11503 | D:3      | Gained mutation: Your mind is acute. (Int +2) [Xom's grace]
 11503 | D:3      | Gained mutation: You have a pair of small horns on your head. [Xom's grace]
 11663 | D:4      | Found a sparkling altar of Nemelex Xobeh.
 11779 | D:4      | Noticed an ogre
 11786 | D:4      | XOM: scenery: 1 doors close
 11788 | D:4      | Noticed a wasp
 11788 | D:4      | an ogre changed into a wasp
 11788 | D:4      | XOM: polymorph ogre -> wasp
 11791 | D:4      | Slain by a wasp

Vault maps used:
D:1:      lemuel_arrival_tunnels, minmay_misc_feat_chi, st_stairs_12,
          supply_closet_lemuel
D:2:      xom_teletrap_fun, first_bread, dk_noncrumbling_4, minmay_mini_jars
D:3:      kennysheep_generic_room_11, uniq_crazy_yiuf_cottage
D:4:      nemelex_diamond_rough_becter

Skill      XL: |  1  2  3  4 |
---------------+-------------+-----
Polearms       | 3 4 |  4.7
Fighting       | |  3.2
Armour         | |  0.7
Dodging        | |  2.4

Action                   |  1- 3 |  4- 6 || total
-------------------------+-------+-------++-------
Melee: Spear             |   146 |   111 ||   257
       Headbutt          |       |     3 ||     3
  Use: Potion            |       |     2 ||     2
       Scroll            |       |     1 ||     1
 Stab: Sleeping          |     2 |     1 ||     3
       Distracted        |     1 |       ||     1
  Eat: Chunk             |    14 |    15 ||    29
       Meat ration       |     1 |     1 ||     2
Armor: Leather armour    |    37 |    22 ||    59
       Fire dragon armou |       |     1 ||     1
Dodge: Dodged            |   103 |    76 ||   179
